 Dungeon Crawl Stone Soup version 0.32-a0-876-gcfddb08e57 (webtiles) character file.

Game seed: 12590182108166477874

10168 smashvw the Toxicologist (level 11, -9/86 HPs)
             Began as a Green Draconian Conjurer on Apr 1, 2024.
             Was a Believer of Vehumet.
             Shot with an arrow by a centaur warrior (15 damage)
             ... on level 10 of the Dungeon.
             The game lasted 00:34:51 (13269 turns).

smashvw the Toxicologist (DrCj)                    Turns: 13269, Time: 00:34:52

Health: -9/86      AC: 10    Str: 15    XL:     11   Next: 32%
Magic:  13/23      EV: 11    Int: 23    God:    Vehumet [**....]
Gold:   646        SH:  0    Dex: 10    Spells: 12/26 levels left

rFire   . . .        d - staff of conjuration
rCold   . . .        (no shield)
rNeg    . . .        (body armour unavailable)
rPois   +            w - +0 hat
rElec   .            (no cloak)
rCorr   .            z - +2 pair of gloves
SInv    .            (no boots)
Will    +....        (no amulet)
Stlth   ++           j - +6 ring of strength
HPRegen 0.34/turn    D - ring of willpower
MPRegen 0.18/turn

%: no passive effects
@: no status effects
A: noxious breath, AC +7, unfitting armour, poison resistance, cold-blooded
a: Noxious Breath, Renounce Religion


You were on level 10 of the Dungeon.
You worshipped Vehumet.
Vehumet was pleased with you.
You visited 2 branches of the dungeon, and saw 11 of its levels.

You collected 682 gold pieces.
You spent 36 gold pieces at shops.

Inventory:

Hand Weapons
 h - the +1 hammer "Gaegrasi" {freeze, rF+ rCorr Str+2}
   (You found it on level 2 of the Dungeon)

   Str+2:     It affects your strength (+2).
   rF+:       It protects you from fire.
   rCorr:     It protects you from acid and corrosion.
 s - the +6 rapier of the Sandy God {spect, rF++ Will- Int+4 Dex-5 Stlth+}
   (You found it on level 4 of the Dungeon)

   Int+4:     It affects your intelligence (+4).
   Dex-5:     It affects your dexterity (-5).
   rF++:      It greatly protects you from fire.
   Will-:     It decreases your willpower.
   Stlth+:    It makes you more stealthy.
Missiles
 q - a throwing net
Armour
 w - a +0 hat (worn)
 z - a +2 pair of gloves (worn)
 C - +0 steam dragon scales
Magical Staves
 d - a staff of conjuration (weapon)
Jewellery
 j - a +6 ring of strength (left hand)
 D - a ring of willpower (right hand)
Wands
 l - a wand of flame (20)
 r - a wand of roots (12)
 v - a wand of charming (11)
Scrolls
 e - a scroll of silence
 f - 2 scrolls of enchant armour
 o - a scroll of fear
 t - 4 scrolls of amnesia
 u - a scroll of vulnerability
 x - a scroll of poison
 y - 3 scrolls of noise
 A - a scroll of enchant weapon
 E - a scroll of revelation
Potions
 a - 2 potions of lignification {unknown}
 b - 2 potions of brilliance {unknown}
 c - a potion of enlightenment {unknown}
 g - 2 potions of attraction {unknown}
 i - 2 potions of might {unknown}
 k - 4 potions of haste {unknown}
 n - 2 potions of curing
 p - 2 potions of berserk rage {unknown}
 B - 2 potions of resistance {unknown}
Miscellaneous
 F - a box of beasts


   Skills:
 - Level 5.0 Fighting
 - Level 1.7 Dodging
 - Level 1.7 Stealth
 + Level 8.1 Spellcasting
 + Level 9.5 Conjurations
 - Level 7.9 Translocations
 + Level 4.3 Fire Magic
 - Level 10.0 Alchemy


You had 12 spell levels left.
You knew the following spells:

 Your Spells              Type           Power      Damage    Failure   Level
a - Magic Dart            Conj           100%       1d8       1%          1
b - Searing Ray           Conj           100%       2d8       1%          2
c - Fulminant Prism       Conj/Alch      34%        3d15      1%          4
d - Iskenderun's Mystic   Conj/Tloc      65%        2d13      (+2d71%     4
e - Sting                 Conj/Alch      100%       1d9       1%          1
f - Scorch                Fire           58%        2d7       1%          2

Your spell library contained the following spells:

 Spells                   Type           Power      Damage    Failure   Level
 Dazzling Flash           Conj/Hex       94%        N/A       3%          3
 Starburst                Conj/Fire      29%        6d9       52%         6
 Maxwell's Capacitive Co  Air            4%         ∞         100%        8


Dungeon Overview and Level Annotations

Branches:
Dungeon (10/15)            Temple (1/1) D:4            Lair (0/5) D:8
    Orc: D:9-12

Altars:
Ashenzari
Cheibriados
Dithmenos
Elyvilon
Fedhas
Gozag
Hepliaklqana
Kikubaaqudgha
Makhleb
Nemelex Xobeh
Okawaru
Qazlal
Ru
Sif Muna
Trog
Uskayaw
Vehumet
Wu Jian
Xom
Yredelemnul
Zin
The Shining One
Jiyva

Shops:
D:3 !![?(   D:5 [   D:6 (

Annotations:
D:2 1 runed translucent door, Crazy Yiuf
D:9 3 runed translucent doors, jasper's ghost, novice MDBr


Innate Abilities, Weirdness & Mutations

You can breathe blasts of noxious fumes.
Your lurid green scales are hard. (AC +7)
You cannot fit into any form of body armour.
Your system is resistant to poisons. (rPois)
You are cold-blooded and may be slowed by cold attacks.


Message History

Your fulminant prism crackles loudly.
Your fulminant prism explodes!
The blast of energy engulfs something!!
Vehumet accepts your kill.
Reactivating autopickup.
You feel a bit more experienced.
You hear a shout!
You hear a screech!
You feel power welling in your lungs.
A centaur warrior comes into view.
The centaur warrior wields a +0 orcbow.
The centaur warrior shoots an arrow.
The arrow closely misses you.
Casting: Fulminant Prism (mildly dangerous; 1% risk of failure)
Confirm with . or Enter, or press ? or * to list all spells.
Aiming: Fulminant Prism (mildly dangerous; 1% risk of failure)
Press: ? - help, Dir - move target You feel a surge of power!
You conjure a prism of explosive energy!
A fulminant prism comes into view.
The centaur warrior shoots an arrow.
The arrow hits you!
Your fulminant prism crackles loudly.
The centaur warrior shoots an arrow.
The arrow hits you!!
You hear an explosion!
The blast of energy engulfs the centaur warrior!
The centaur warrior is moderately wounded.
The centaur warrior shoots an arrow.
The arrow hits you!
* * * LOW HITPOINT WARNING * * *
The centaur warrior shoots an arrow.
The arrow hits you!
* * * LOW HITPOINT WARNING * * *
Casting: Fulminant Prism (mildly dangerous; 1% risk of failure)
Confirm with . or Enter, or press ? or * to list all spells.
You feel a surge of power!
You erupt in a blast of force!
The mystic blast hits the centaur warrior!
The centaur warrior is moderately wounded.
The centaur warrior is knocked back by the mystic blast.
The centaur warrior slams into the rock wall!
The centaur warrior is heavily wounded.
The centaur warrior shoots an arrow.
The arrow hits you!
* * * LOW HITPOINT WARNING * * *
The centaur warrior shoots an arrow.
The arrow hits you!
You die...

................................÷
###################............÷.
# #..############ # #.c#
###################..#
.....................# #
..........>..........### ..
###############..##.##{# #.
#.@##*.#.# #..####.#
###############..######
......................#
......................#
.......................
#######################


You could see a centaur warrior.

Vanquished Creatures
  A centaur warrior (D:9)
  A cyclops (D:7)
  A meliai (D:9)
  A komodo dragon (D:10)
  2 trolls
  2 hornets (D:10)
  Grinder (D:5)
  Prince Ribbit (D:8)
  2 shadows (D:10)
  A wyvern (D:9)
  A vampire (D:10)
  6 yaks
  A steam dragon (D:9)
  A basilisk (D:9)
  A vampire mosquito (D:10)
  2 acid dragons (D:8)
  A water moccasin (D:6)
  4 sky beasts
  5 orc warriors
  An ice beast (D:5)
  2 black bears
  An ogre (D:6)
  7 centaurs
  A phantom (D:5)
  2 kobold brigands
  2 bullfrogs
  A water moccasin zombie (D:5)
  3 scorpions
  A wight (D:9)
  A water moccasin skeleton (D:5)
  6 howler monkeys
  A bullfrog zombie (D:5)
  A bombardier beetle (D:4)
  A centaur zombie (D:5)
  3 hounds
  4 orc priests
  A gnoll bouda (D:6)
  A sleepcap (D:5)
  Terence (D:3)
  3 iguanas
  7 orc wizards
  2 hound zombies (D:5)
  Robin (D:2)
  A howler monkey zombie (D:5)
  14 adders
  5 gnolls
  A shadow imp (D:7)
  3 white imps
  2 ufetubi (D:7)
  An adder zombie (D:5)
  2 dart slugs
  2 ribbon worms (D:2)
  20 orcs
  8 ball pythons
  7 bats
  7 endoplasms
  A giant cockroach (D:2)
  13 goblins
  19 hobgoblins
  4 jackals
  3 quokkas
  5 frilled lizards
  22 kobolds
  9 rats
238 creatures vanquished.

Vanquished Creatures (collateral kills)
  A fire dragon (D:10)
  6 yaks (D:10)
7 creatures vanquished.

Vanquished Creatures (others)
  29 fulminant prisms
29 creatures vanquished.

Grand Total: 274 creatures vanquished

Notes
Turn   | Place    | Note
-------+----------+-------------------------------------------
     0 | D:1      | smashvw the Draconian Conjurer began the quest for the Orb.
     0 | D:1      | Reached XP level 1. HP: 14/14 MP: 3/3
   293 | D:1      | Reached skill level 1 in Fighting
   293 | D:1      | Reached XP level 2. HP: 23/23 MP: 1/5
   687 | D:1      | Found a faded altar of an unknown god.
   858 | D:1      | Learned a level 2 spell: Searing Ray
  1081 | D:1      | Reached XP level 3. HP: 28/28 MP: 2/6
  1527 | D:2      | Identified the +1 hammer "Gaegrasi" {freeze, rF+ rCorr
                  | Str+2}
  1540 | D:2      | Reached skill level 1 in Alchemy
  1686 | D:2      | Reached XP level 4. HP: 36/36 MP: 3/7
  1722 | D:2      | Learned a level 4 spell: Fulminant Prism
  1908 | D:2      | Noticed Robin
  1915 | D:2      | Killed Robin
  2152 | D:2      | Found a runed translucent door.
  2153 | D:2      | Noticed Crazy Yiuf
  2311 | D:3      | Found Finenadi's Weapon Emporium.
  2313 | D:3      | Noticed Terence
  2319 | D:3      | Killed Terence
  2494 | D:3      | Reached XP level 5. HP: 42/42 MP: 5/9
  2608 | D:3      | Found Houp's Magic Scroll Boutique.
  2677 | D:3      | Found Xaraliof's Distillery.
  2710 | D:3      | Found Jaihex's Distillery.
  2741 | D:3      | Bought a potion of curing for 36 gold pieces
  2790 | D:3      | Found Dadeilit's Armour Emporium.
  2942 | D:4      | Reached skill level 2 in Alchemy
  3079 | D:4      | Found a staircase to the Ecumenical Temple.
  3091 | Temple   | Entered the Ecumenical Temple
  3187 | D:4      | Reached skill level 5 in Conjurations
  3187 | D:4      | Reached XP level 6. HP: 49/51 MP: 3/11
  3324 | D:4      | Found a sacrificial altar of Ru.
  3330 | D:4      | Learned a level 4 spell: Iskenderun's Mystic Blast
  3760 | D:4      | Identified the +6 rapier of the Sandy God {spect, rF++
                  | Will- Int+4 Dex-5 Stlth+}
  3838 | D:4      | Reached skill level 1 in Translocations
  4185 | D:4      | Reached skill level 3 in Alchemy
  4511 | D:5      | Entered Level 5 of the Dungeon
  4512 | D:5      | You fall into a shaft and drop 2 floors!
  4621 | D:7      | Noticed a sky beast
  4636 | D:7      | Killed a sky beast
  4637 | D:7      | Your scales start taking on a lurid green colour.
  4637 | D:7      | Reached XP level 7. HP: 40/58 MP: 2/12
  4637 | D:7      | Gained mutation: Your system is resistant to poisons.
                  | (rPois) [Green Draconian growth]
  4725 | D:7      | Found an ornate altar of the Wu Jian Council.
  4740 | D:7      | Reached skill level 4 in Alchemy
  5545 | D:6      | Reached XP level 8. HP: 67/67 MP: 8/14
  5712 | D:5      | Found Dosyrusk's Antique Armour Shop.
  5733 | D:5      | Reached skill level 5 in Alchemy
  6222 | D:5      | Noticed Grinder
  6230 | D:5      | Killed Grinder
  6231 | D:5      | Reached skill level 5 in Fighting
  6355 | D:5      | Reached skill level 5 in Spellcasting
  6613 | D:5      | Reached skill level 6 in Alchemy
  7297 | D:5      | Identified the +0 leather armour "Femuosugi" {Str+2}
  7481 | D:6      | Found a radiant altar of Vehumet.
  7501 | D:6      | Reached XP level 9. HP: 74/74 MP: 8/17
  7589 | D:6      | Found a bloodstained altar of Trog.
  7590 | D:6      | Found a shadowy altar of Dithmenos.
  7726 | D:6      | Found Gusihuc's Weapon Shop.
  8026 | D:6      | Became a worshipper of Vehumet
  8340 | D:7      | Noticed a cyclops
  8358 | D:7      | Killed a cyclops
  8359 | D:7      | Reached skill level 5 in Translocations
  8359 | D:7      | Reached skill level 7 in Alchemy
  8960 | D:8      | Found a hazy altar of Hepliaklqana.
  9148 | D:8      | Noticed Prince Ribbit
  9153 | D:8      | Killed Prince Ribbit
  9262 | D:8      | Reached * piety under Vehumet
  9262 | D:8      | Offered knowledge of Sting by Vehumet.
  9283 | D:8      | Learned a level 1 spell: Sting
  9397 | D:8      | Reached skill level 8 in Alchemy
  9705 | D:8      | Reached XP level 10. HP: 66/81 MP: 5/20
  9847 | D:8      | Found a staircase to the Lair.
 10262 | D:8      | Found a glowing silver altar of Zin.
 10846 | D:9      | Found a runed translucent gate.
 10846 | D:9      | Found a runed translucent gate.
 10847 | D:9      | Found a runed translucent gate.
 10849 | D:9      | Noticed jasper's ghost (novice MDBr)
 10921 | D:9      | Reached skill level 1 in Fire Magic
 11027 | D:9      | Noticed a meliai
 11027 | D:9      | Noticed a centaur warrior
 11037 | D:9      | Killed a meliai
 11071 | D:9      | Killed a centaur warrior
 11072 | D:9      | Reached skill level 9 in Alchemy
 11956 | D:9      | Found a viscous altar of Jiyva.
 11966 | D:10     | Entered Level 10 of the Dungeon
 12296 | D:10     | Noticed a fire dragon
 12306 | D:10     | Killed a fire dragon
 12307 | D:10     | Reached XP level 11. HP: 6/86 MP: 2/22
 12317 | D:10     | Reached ** piety under Vehumet
 12466 | D:10     | Offered knowledge of Scorch by Vehumet.
 12470 | D:10     | Learned a level 2 spell: Scorch
 12989 | D:10     | Reached skill level 10 in Alchemy
 13261 | D:10     | Noticed a centaur warrior
 13269 | D:10     | Shot with an arrow by a centaur warrior

Illustrated notes

Levels and vault maps discovered:
D:1:      amcnicky_arrival_choice, layout_loops_ring,
          nicolae_ecumenical_lake_church, amcnicky_mini_corridor_feature
D:2:      layout_rooms, uniq_crazy_yiuf_cottage, uniq_robin
D:3:      layout_rooms, serial_shops, shop, shop_fountains,
          nicolae_shop_advertising_works [nicolae_subvault_shop_adworks],
          nicolae_shop_real_fake_doors, shop, uniq_terence
D:4:      layout_cave_pods, lemuel_doored_altar, minmay_temple_entry_ruins,
          minmay_misc_feat_iff, minivault_1
D:5:      layout_loops_ring, portal_sewer_entry_b, serial_undead,
          serial_undead_b, serial_undead_f, serial_undead_d, serial_undead_d,
          serial_shops, shop, sigmund_army, uniq_grinder
D:6:      layout_rooms, nicolae_vehumet_radiance,
          mainiacjoe_overflow_divided_tiny, serial_shops, shop, nicolae_titane
D:7:      corexii_shack_village, layout_basic, old_standard_altar,
          chequers_mini_garden
D:8:      layout_loops_ring, zin_treasury, old_standard_altar, lair_entry_dummy,
          uniq_prince_ribbit1
D:9:      wad_arrow_thing, layout_basic, serial_glass, glass_columns_b,
          glass_columns_a, minmay_strange_pillars, minmay_strange_pillars,
          gammafunk_ghost_ooze
D:10:     minmay_chopped_fan, layout_long_grid, nicolae_houndstooth_variations
Temple:   nicolae_temple_no_exploring_needed

Skill      XL: |  1  2  3  4  5  6  7  8  9 10 11 |
---------------+----------------------------------+-----
Fighting       | 1 2 3 4 5 |  5.0
Alchemy        | 1 2 3 4 6 8 9 10 | 10.0
Spellcasting   | 3 4 5 6 7 8 |  8.1
Conjurations   | 5 6 8 9 |  9.5
Translocations | 1 2 4 6 7 |  7.9
Fire Magic     | 3 4 |  4.3
Dodging        | |  1.7
Stealth        | |  1.7

Action                     |  1- 3 |  4- 6 |  7- 9 | 10-12 || total
---------------------------+-------+-------+-------+-------++-------
  Melee: Unarmed           |     2 |       |       |       ||     2
         Staff             |    48 |    21 |    63 |    41 ||   173
         Tailslap          |     6 |     3 |     4 |    10 ||    23
   Cast: Magic Dart        |    73 |   129 |   220 |    44 ||   466
         Searing Ray       |     1 |     8 |    25 |     2 ||    36
         Iskenderun's Myst |       |       |    27 |    31 ||    58
         Fulminant Prism   |       |       |    10 |    19 ||    29
         Sting             |       |       |       |     8 ||     8
         Scorch            |       |       |       |     9 ||     9
Ability: Noxious Breath    |       |       |     3 |     4 ||     7
  Evoke: Wand              |       |       |       |     2 ||     2
    Use: Scroll            |       |     4 |     4 |     4 ||    12
         Potion            |       |       |     1 |     1 ||     2
   Stab: Confused          |       |       |     1 |     4 ||     5
 Armour: Skin              |    65 |    26 |   124 |    84 ||   299
  Dodge: Dodged            |    75 |    28 |   101 |    54 ||   258

Table legend: (Time is in decaauts)
 A = Elapsed time spent in this place.
 B = Non-inter-level travel time spent in this place.
 C = Inter-level travel time spent in this place.
 D = Time resting spent in this place.
 E = Time spent auto-exploring this place.
 F = Levels seen in this place.
 G = Mean time per level.
                   A        B        C        D        E       F      G
               +--------+--------+--------+--------+--------+-----+--------+
         Total |  13310 |  13045 |    265 |    664 |  10742 |  11 | 1210.0 |
       Dungeon |  13296 |  13037 |    259 |    664 |  10742 |  10 | 1329.6 |
        Temple |     13 |      7 |      6 |      0 |      0 |   1 |   13.0 |
               +--------+--------+--------+--------+--------+-----+--------+

Top non-repeatable levels by time:
     D:5: 1780 daAuts
     D:4: 1605 daAuts
     D:8: 1579 daAuts
     D:9: 1494 daAuts
     D:7: 1476 daAuts
    D:10: 1303 daAuts
     D:1: 1298 daAuts
     D:6: 1148 daAuts
     D:2: 980 daAuts
     D:3: 629 daAuts
  Temple: 13 daAuts
